Map: Catalyst LE

Players

Namshar

  • Race: Zerg Zerg
  • Spawn Location: 5:00

NoRegreT - Winner!

  • Race: Zerg Zerg
  • Spawn Location: 11:00

Event: IEM Season 12 - Katowice

VOD

Have the link to the VOD?

Description

Time

  • Played on: Feb. 27, 2018, 4:20 a.m.
  • Length: 9:06

All games in this series

Show
View Real Time Build Order
Export as new Build Order

Namshar Zerg 

Build Orders: Pool First 

Get SALT Encoding   

  12  0:00  Drone  
  13  0:12  Overlord  
  13  0:17  Drone  
  14  0:31  Drone x2  
  14  0:34  Drone  
  17  0:44  Spawning Pool  
  17  0:48  Drone  
  17  1:09  Hatchery  
  16  1:17  Drone  
  17  1:30  Extractor  
  17  1:31  Queen, Zergling x4  
  17  1:32  Zergling x2  
  21  1:42  Overlord  
  21  1:54  Drone  
  22  2:06  Queen, Spine Crawler  
  23  2:15  Zergling x4  
  24  2:16  Spine Crawler  
  24  2:22  Queen  
  26  2:41  Spine Crawler  
  25  2:46  Queen  
  23  3:09  Zergling x4  
  23  3:10  Zergling x4  
  24  3:17  Zergling x4  
  24  3:21  Queen  
  26  3:33  Zergling x2  
  21  3:41  Zergling x4  
  23  3:50  Drone  
  24  3:55  Spine Crawler  
  24  3:57  Queen  
  22  4:14  Drone x2  
  23  4:29  Roach Warren  
  19  4:33  Queen  
  19  4:38  Evolution Chamber  
  18  4:48  Zergling x6  
  21  5:02  Zergling x2  
  22  5:09  Queen  
  22  5:14  Zergling x2  
  22  5:23  Zergling x2  
  20  5:34  Drone  
  19  5:44  Queen  
  21  5:53  Hatchery  
  20  5:59  Drone  
  21  6:04  Drone  
  22  6:14  Drone x2  
  23  6:23  Drone x2  
  24  6:29  Drone  
  25  6:36  Zerg Melee Weapons Level 1  
  25  6:44  Drone  
  26  6:53  Overlord  
  26  6:54  Drone x2  
  28  7:01  Drone  
  28  7:02  Drone  
  30  7:09  Metabolic Boost  
  30  7:16  Drone  
  30  7:17  Drone  
  30  7:21  Overlord  
  32  7:24  Zergling x4  
  34  7:30  Zergling x4  
  34  7:36  Zergling x4  
  38  7:48  Zergling x8  
  42  7:53  Zergling x6  
  42  7:58  Overlord  
  45  8:02  Zergling x2  
  46  8:12  Zergling x10  
  50  8:20  Zergling x2  
  51  8:28  Zergling x4  
  39  8:41  Zergling x2  
Show
View Real Time Build Order
Export as new Build Order

NoRegreT Zerg - Winner!

Build Orders: 1 Base Baneling Bust, Pool First, Zergling Baneling 

Get SALT Encoding   

  12  0:00  Drone  
  13  0:09  Extractor  
  12  0:24  Spawning Pool  
  12  0:28  Drone  
  12  0:33  Drone  
  13  0:39  Drone  
  14  0:51  Overlord  
  14  1:11  Zergling x4  
  16  1:12  Zergling x2  
  16  1:14  Metabolic Boost  
  17  1:26  Queen  
  17  1:31  Zergling x2  
  20  1:44  Zergling x2  
  21  1:50  Baneling Nest, Zergling x2  
  21  1:54  Zergling x2  
  22  2:05  Overlord  
  22  2:24  Zergling x2  
  22  2:26  Zergling x2  
  24  2:33  Zergling x2  
  24  2:36  Baneling  
  24  2:37  Zergling x4  
  27  2:40  Zergling x2  
  28  2:49  Zergling x2  
  28  2:51  Baneling x2  
  29  3:00  Zergling x2  
  29  3:10  Zergling x2  
  26  3:13  Baneling  
  24  3:21  Zergling x2  
  24  3:23  Baneling  
  24  3:24  Baneling  
  25  3:35  Zergling x2  
  25  3:43  Zergling x2  
  21  3:50  Zergling x6  
  21  3:55  Baneling x3  
  23  3:56  Zergling x2  
  24  4:07  Zergling x2  
  24  4:15  Baneling  
  24  4:16  Zergling x2  
  25  4:19  Zergling x4  
  25  4:21  Zergling x2  
  26  4:34  Hatchery  
  26  4:36  Baneling  
  25  4:41  Zergling x2  
  23  4:46  Zergling x2  
  23  4:51  Baneling  
  24  4:53  Zergling x2  
  24  4:56  Baneling  
  25  5:10  Zergling x2  
  25  5:11  Zergling x2  
  22  5:23  Drone x2  
  22  5:24  Drone x2  
  22  5:31  Drone  
  22  5:44  Roach Warren  
  22  5:47  Drone  
  22  5:52  Drone  
  24  5:57  Drone x2  
  24  6:00  Drone  
  25  6:08  Drone x2  
  26  6:13  Drone  
  27  6:21  Drone  
  27  6:22  Drone  
  27  6:24  Drone x2  
  30  6:27  Drone  
  30  6:30  Roach  
  33  6:36  Overlord  
  33  6:43  Queen  
  35  6:52  Overlord  
  37  6:54  Roach  
  37  6:55  Roach  
  37  6:58  Roach  
  41  7:01  Roach  
  43  7:09  Overlord  
  43  7:11  Roach x2  
  43  7:13  Roach  
  49  7:17  Roach  
  51  7:27  Overlord  
  51  7:28  Roach  
  53  7:34  Roach  
  53  7:35  Zergling x2  
  56  7:40  Overlord  
  56  7:41  Zergling x2  
  57  7:52  Zergling x8  
  57  7:53  Zergling x4  
  63  8:03  Zergling x4  
  65  8:15  Zergling x4  
  66  8:20  Baneling x2  
  66  8:25  Baneling x2  
  66  8:26  Baneling  
  66  8:27  Zergling x4  
  66  8:28  Zergling x6  
  66  8:29  Zergling x2  
  70  8:41  Zergling x6  
  62  8:43  Baneling  
  62  8:44  Zergling x2  
  62  8:46  Baneling  

Tags
 
Add a new tag
Caveats
  • Supply blocks, unpowered buildings, or Contaminate may cause inaccurate times.
  • Supply counts are checked every 10 seconds.